 Dungeon Crawl Stone Soup version 0.19.0-24-gb05acd6 (webtiles) character file.

825 Firecrotchwizard the Cudgeler (level 7, -3/63 HPs)
             Began as a Minotaur Fighter on Nov 21, 2016.
             Killed by nerve-wracking pain
             ... invoked by an orc priest
              (11 damage)
             ... on level 5 of the Dungeon.
             The game lasted 00:10:50 (2997 turns).

Firecrotchwizard the Cudgeler (Minotaur Fighter)    Turns: 2997, Time: 00:10:52

Health: -3/63      AC:  7    Str: 21    XL:     7   Next: 64%
Magic:  6/6        EV: 10    Int:  5    God:
Gold:   122        SH:  0    Dex: 11    Spells: 0 memorised, 6 levels left

rFire  . . .     SeeInvis .     m - +0 lajatang
rCold  . . .     Gourm    .     b - +0 scale mail
rNeg   . . .     Faith    .     (shield currently unavailable)
rPois  .         Spirit   .     (helmet restricted)
rElec  .         Reflect  .     (no cloak)
rCorr  .         Harm     .     (no gloves)
MR     .....                    (no boots)
Stlth  ..........               (no amulet)
                                (no ring)
                                (no ring)

@: lethally poisoned (-3 -> -6)
A: retaliatory headbutt, horns 2
a: no special abilities


You were on level 5 of the Dungeon.
You were near starving.

You visited 2 branches of the dungeon, and saw 6 of its levels.

You collected 122 gold pieces.

Inventory:

Hand Weapons
 a - a +0 flail
 m - a +0 lajatang (weapon)
 u - a +2 flail of pain
Armour
 b - a +0 scale mail (worn)
 c - a +0 shield
Jewellery
 k - an uncursed ring of magical power
Scrolls
 g - a scroll of remove curse
 i - a scroll of identify
 j - a scroll of enchant armour {unknown}
 l - a scroll of fog {unknown}
 o - a scroll of fear {unknown}
 q - a scroll of immolation {unknown}
 r - 2 scrolls of blinking {unknown}
 s - a scroll of teleportation {unknown}
Potions
 d - a potion of might
 e - a potion of lignification {unknown}
 h - 3 potions of curing
 p - a potion of agility {unknown}
 v - a potion of flight {unknown}
Comestibles
 f - 2 bread rations
 n - 2 meat rations
 t - a beef jerky


   Skills:
 * Level 6.1 Fighting
 - Level 6.7(7.0) Maces & Flails
 * Level 2.8(5.1) Staves
 + Level 5.2 Armour
 + Level 1.6 Dodging
 - Level 0.1 Stealth
 + Level 4.9 Shields


You had 6 spell levels left.
You didn't know any spells.

Dungeon Overview and Level Annotations

Branches:
Dungeon (5/15)             Temple (1/1) D:5

Altars:
Cheibriados
Dithmenos
Fedhas
Gozag
Nemelex Xobeh
Qazlal
Ru
Sif Muna
Trog
Xom
Yredelemnul
Zin
Lugonu


Innate Abilities, Weirdness & Mutations

You reflexively headbutt those who attack you in melee.
You have a pair of horns on your head.


Message History

* * * LOW HITPOINT WARNING * * *
You are too injured to fight recklessly!
You are too injured to fight recklessly!
You are too injured to fight recklessly!
You slash the hound! Your headbutt misses the hound.
The hound is severely wounded.
You feel sick. The hound bites you.
* * * LOW HITPOINT WARNING * * *
The hound bites you but does no damage.
You closely miss the hound.
The hound is severely wounded.
You feel sick. The hound bites you.
* * * LOW HITPOINT WARNING * * *
You hit the hound.
You kill the hound!
You are near starving!
You feel sick.
The orc priest mumbles some strange prayers to Beogh against you.
Pain shoots through your body!
You die...

#.# #.# #.# #
#### #.. .
...####.# .#
###...##.#####.#
##[##..##.#.....#
#.o)@..........>#
##o##..##.....#.#
#'#....#.#.#.#
#s#####..#.#.#
+#'Z..##.#.#.#
Z.Z.5#.#.#.#
oS.!=#.....##
"o..$#......#
#.(?##.###.##


You could see an orc priest and an orc.

Vanquished Creatures
  Sigmund (D:5)
  Edmund (D:4)
  An ogre (D:4)
  A scorpion (D:5)
  A crimson imp (D:5)
  The ghost of ringo67 the Firebug, a weakling DEFE (D:3)
  A hound (D:5)
  3 iguanas
  Terence (D:3)
  A worker ant (D:3)
  12 adders
  A shadow imp (D:5)
  2 oozes
  2 worms (D:2)
  2 dart slugs
  A leopard gecko (D:1)
  A ball python (D:3)
  3 bats (D:1)
  2 giant cockroaches
  10 goblins
  5 hobgoblins
  3 jackals (D:2)
  3 quokkas
  4 frilled lizards
  A jackal zombie (D:5)
  7 kobolds
  6 rats
77 creatures vanquished.

Notes
Turn   | Place    | Note
-------+----------+-------------------------------------------
     0 | D:1      | Firecrotchwizard the Minotaur Fighter began the quest for the Orb.
     0 | D:1      | Reached XP level 1. HP: 19/19 MP: 0/0
   145 | D:1      | Reached XP level 2. HP: 27/27 MP: 1/1
   659 | D:2      | Reached XP level 3. HP: 33/33 MP: 2/2
   894 | D:2      | Reached XP level 4. HP: 33/40 MP: 3/3
  1323 | D:2      | Found a sparkling altar of Nemelex Xobeh.
  1692 | D:3      | Found a glowing silver altar of Zin.
  1767 | D:3      | Found an opulent altar of Gozag.
  2103 | D:3      | Noticed Terence
  2110 | D:3      | Killed Terence
  2110 | D:3      | Reached XP level 5. HP: 47/47 MP: 4/4
  2142 | D:3      | Reached skill level 5 in Maces & Flails
  2185 | D:3      | Noticed ringo67's ghost (weakling DEFE)
  2192 | D:3      | Killed ringo67's ghost
  2192 | D:3      | Reached skill level 1 in Dodging
  2430 | D:4      | Found a basalt altar of Yredelemnul.
  2460 | D:4      | Noticed an ogre
  2463 | D:4      | Killed an ogre
  2463 | D:4      | Reached XP level 6. HP: 55/55 MP: 5/5
  2645 | D:4      | Noticed Edmund
  2657 | D:4      | Killed Edmund
  2657 | D:4      | Reached skill level 5 in Fighting
  2787 | D:5      | Entered Level 5 of the Dungeon
  2815 | D:5      | Found a staircase to the Ecumenical Temple.
  2820 | Temple   | Entered the Ecumenical Temple
  2943 | D:5      | Noticed Sigmund
  2960 | D:5      | Killed Sigmund
  2960 | D:5      | Reached skill level 1 in Staves
  2960 | D:5      | Reached skill level 5 in Armour
  2960 | D:5      | Reached XP level 7. HP: 57/62 MP: 6/6
  2997 | D:5      | Killed from afar by an orc priest

Skill      XL: |  1  2  3  4  5  6  7 |
---------------+----------------------+-----
Armour         | 4 5 |  5.2
Fighting       | 4 5 6 |  6.1
Maces & Flails | 3 4 5 6 |  6.7
Shields        | 4 |  4.9
Dodging        | 1 |  1.6
Staves         | 1 2 |  2.8
Stealth        | |  0.1

Action                   |  1- 3 |  4- 6 |  7- 9 || total
-------------------------+-------+-------+-------++-------
Melee: Flail             |    59 |   122 |       ||   181
       Headbutt          |    11 |    21 |     4 ||    36
       Lajatang          |       |    24 |    27 ||    51
  Use: Potion            |       |     2 |       ||     2
       Scroll            |       |     3 |       ||     3
  Eat: Bread ration      |       |     1 |       ||     1
       Chunk             |       |     1 |       ||     1
Armor: Scale mail        |    21 |    44 |    13 ||    78
Dodge: Dodged            |    20 |    45 |    11 ||    76
Block: Shield            |    35 |    62 |       ||    97
